[Event "Late-Titled-Tuesday-Blitz-April-16-2024"]
[Site "Chess.com"]
[Date "2024.04.16"]
[Round "6"]
[White "MeisterJabo"]
[Black "jcibarra"]
[Result "0-1"]
[WhiteElo "2529"]
[BlackElo "2931"]
[TimeControl "180+1"]
[EndTime "15:03:24 PDT"]
[Termination "jcibarra won on time"]

1. c4 e5 2. g3 Nf6 3. Bg2 c6 4. d4 exd4 5. Qxd4 Na6 6. Nf3 Bc5 7. Qd3 d5 8. a3 O-O 9. O-O Re8 10. b4 Bf8 11. Bb2 dxc4 12. Qxc4 Be6 13. Qc2 Qe7 14. Nc3 Nc7 15. e3 Ncd5 16. Nxd5 Bxd5 17. Nd4 Bxg2 18.
Kxg2 Ne4 19. Rad1 Qg5 20. Qe2 Qg6 21. Qf3 Re5 22. h4 Rae8 23. Rh1 h5 24. Ne2 Rf5 25. Nf4 Qh6 26. Rd7 Nd6 27. Rd1 a5 28. bxa5 Rxa5 29. Bc3 Rf5 30. Bb4 c5 31. Bc3 Ne4 32. Bb2 Qc6 33. Rd8 c4 34. Rxe8 Qxe8 35. Rd4 Nd6 36. g4 hxg4 37. Qxg4 Qc6+ 38. Kg1 Rb5 39. Bc1 Rb1 40. Rd1 c3 41. Kh2 Ne4 42. Nh3 c2 43. Rg1 Nf6 44. Qg5 Qf3 45. Qg3 Qxg3+ 46. Kxg3 Ne4+ 47.
Kf3 Nc3 48. Bd2 Na2 49. Ke2 Bxa3 0-1

[Event "Late-Titled-Tuesday-Blitz-April-16-2024"]
[Site "Chess.com"]
[Date "2024.04.16"]
[Round "6"]
[White "Indefatigable11"]
[Black "Statham_01"]
[Result "1-0"]
[WhiteElo "2403"]
[BlackElo "2610"]
[TimeControl "180+1"]
[EndTime "15:03:24 PDT"]
[Termination "Indefatigable11 won on time"]

1. d4 Nf6 2. c4 e6 3. Nc3 Bb4 4. e3 d5 5. Bd2 O-O 6. Nf3 b6 7.
cxd5 exd5 8. Rc1 c5 9. a3 Bxc3 10.
Bxc3 c4 11. Be2 a5 12. O-O a4 13. Ne5 Bb7 14. f4 Nbd7 15. Be1 Ne4 16. Bf3 Nxe5 17. fxe5 Qg5 18. Qe2 f5 19. Bb4 Rfe8 20. Bxe4 fxe4 21. Qf2 Kh8 22. e6 h5 23. e7 Bc6 24.
Rce1 Bd7 25. Qf7 Kh7 26. Bd6 h4 27. Rf4 Bh3 28. Re2 Bg4 29. Ref2 Bh5 30. Qe6 Bg6 31. h3 Rac8 32. Rg4 Qh6 33. Bf4 Qh5 34. Rg5 Qd1+ 35. Kh2 Bh5 36. Qf5+ Kg8 37. Be5 Rxe7 38. Qxc8+ 1-0

[Event "Late-Titled-Tuesday-Blitz-April-16-2024"]
[Site "Chess.com"]
[Date "2024.04.16"]
[Round "6"]
[White "dropstoneDP"]
[Black "Ykow"]
[Result "1-0"]
[WhiteElo "3052"]
[BlackElo "2557"]
[TimeControl "180+1"]
[EndTime "15:03:25 PDT"]
[Termination "dropstoneDP won by resignation"]

1. e4 c5 2. Nf3 d6 3. d4 Nf6 4.
Nc3 cxd4 5. Nxd4 e5 6. Bb5+ Nbd7 7. Nf5 a6 8. Ba4 b5 9. Bb3 Nc5 10. Bg5 Bxf5 11. exf5 Be7 12. O-O O-O 13. Re1 Rc8 14.
Bxf6 Bxf6 15. Nd5 e4 16. c3 Be5 17. g3 Qg5 18. Bc2 Kh8 19. Bxe4 Nxe4 20. Rxe4 Qxf5 21.
Qg4 Qxg4 22. Rxg4 Rfe8 23. a4 Rc5 24. Rd1 bxa4 25. Rxa4 a5 26. Nb6 g6 27. Kf1 Rb5 28.
Nc4 Reb8 29. Rd2 Rc5 30. f4 Bg7 31. Nxd6 Kg8 32. Rc4 Rxc4 33. Nxc4 a4 34. Ke2 h5 35. Kd1 h4 36. gxh4 Bf6 37. h5 gxh5 38. Kc2 Rb5 39. Nd6 Ra5 40. Ne4 Be7 41. Kb1 Rf5 42. Rf2 h4 43.
Ka2 Kf8 44. h3 Bd8 45. Nd6 Rd5 46. Nc4 Rd3 47. Rd2 Rxd2 48. Nxd2 f5 49. Ka3 Bc7 50. Kxa4 Bxf4 51. Nf3 Bg3 52. Kb5 Ke7 53. Kc6 Ke6 54. b4 f4 55. b5 Kf5 56. Kd5 Bf2 57. c4 1-0

[Event "Late-Titled-Tuesday-Blitz-April-16-2024"]
[Site "Chess.com"]
[Date "2024.04.16"]
[Round "6"]
[White "Veleamater"]
[Black "manitodeplomo"]
[Result "0-1"]
[WhiteElo "2424"]
[BlackElo "2633"]
[TimeControl "180+1"]
[EndTime "15:03:25 PDT"]
[Termination "manitodeplomo won by checkmate"]

1. g3 g6 2. Bg2 Bg7 3. d3 e5 4. Nc3 Ne7 5. e4 c6 6. f4 d6 7. Nf3 O-O 8. O-O b5 9. h3 b4 10.
Ne2 a5 11. Kh2 f6 12. g4 c5 13. f5 Nbc6 14. h4 h5 15. gxh5 gxf5 16. h6 Bh8 17. Rg1 Kh7 18. Ng3 f4 19. Nf5 Nxf5 20.
exf5 Bxf5 21. Ng5+ fxg5 22. Bxc6 Rc8 23. Be4 Bxe4 24.
dxe4 Rg8 25. Qh5 Qe8 26. Qg4 Bf6 27. h5 Kxh6 28. Kg2 Qf7 29. Bd2 Qc4 30. Kf3 Qxc2 31. Qf5 Qd3+ 32. Kg4 Qe2+ 33. Kh3 Qxh5+ 34. Kg2 Qe2+ 35.
Kh1 Qf3+ 36. Kh2 Kg7 37. Qd7+ Kg6 38. Qf5+ Kf7 39. Qd7+ Be7 40. Qf5+ Kg7 41. Rxg5+ Bxg5 42. Qxg5+ Kf7 43. Qh5+ Qxh5# 0-1

[Event "Late-Titled-Tuesday-Blitz-April-16-2024"]
[Site "Chess.com"]
[Date "2024.04.16"]
[Round "6"]
[White "dretch"]
[Black "DanielNaroditsky"]
[Result "0-1"]
[WhiteElo "2919"]
[BlackElo "3127"]
[TimeControl "180+1"]
[EndTime "15:03:27 PDT"]
[Termination "DanielNaroditsky won on time"]

1. d4 Nf6 2. c4 g6 3. Nc3 Bg7 4. e4 d6 5. Nf3 O-O 6. h3 c6 7.
Bg5 Na6 8. Be2 Nc7 9. O-O b5 10. e5 dxe5 11. Nxe5 Bb7 12. Bf3 bxc4 13. Na4 Ne6 14. Be3 Nd5 15. Nxc4 Ba6 16. Rc1 Bb5 17. Re1 Nb4 18. Qb3 Nd5 19. Ne5 Nxe3 20. fxe3 Nxd4 21. exd4 Qxd4+ 22. Kh1 Bxe5 23. Re4 Qd6 24. Rd1 Qf6 25. Nc5 Bd6 26. Nd7 Qg5 27. Rg4 Qf5 28. Nxf8 Rxf8 29.
a4 Ba6 30. Bxc6 Be2 31. Bf3 Bxd1 32. Qxd1 Qe5 33. Qg1 Qxb2 34. Rc4 a5 35. Bc6 Rd8 36. Bb5 Bg3 37. Rc1 Rd2 38. Rd1 Rc2 39. Rb1 Qc3 0-1

[Event "Late-Titled-Tuesday-Blitz-April-16-2024"]
[Site "Chess.com"]
[Date "2024.04.16"]
[Round "6"]
[White "Vladimir_2020"]
[Black "rdarruda"]
[Result "1-0"]
[WhiteElo "2766"]
[BlackElo "2550"]
[TimeControl "180+1"]
[EndTime "15:03:29 PDT"]
[Termination "Vladimir_2020 won by resignation"]

1. e4 c5 2. Nf3 Nc6 3. Bb5 g6 4. O-O Bg7 5. Re1 Nf6 6. c3 O-O 7. h3 d6 8. d4 cxd4 9. cxd4 e6 10. Nc3 a6 11. Bxc6 bxc6 12. e5 Nd5 13. Ne4 dxe5 14.
dxe5 Qc7 15. Bg5 h6 16. Bf6 Bd7 17. Qc1 Rab8 18. b3 Rb4 19. Bxg7 Kxg7 20. Nc5 Bc8 21.
Nd2 a5 22. Nc4 Rb5 23. Ne4 Rb8 24. Ncd6 Ba6 25. Nc5 Ra8 26. Re4 Qe7 27. Qd2 Bc8 28.
Ra4 f6 29. Rxa5 Rxa5 30. Qxa5 fxe5 31. Nde4 Nf4 32. Rd1 Nd5 33. Qd2 Qc7 34. a4 Qa7 35. a5 Qc7 36. Qb2 Rf5 37. b4 Qb8 38. Rb1 Nc7 39.
Ng3 Rf6 40. Qxe5 Na6 41. Qxb8 Nxb8 42. Nge4 Rf4 43. f3 Rf8 44. Nd6 Kf6 45. Nxc8 Rxc8 46. a6 Rc7 47. Ra1 Ra7 48. Kf2 Ke5 49. Ke3 Kd5 50.
Kd3 Kd6 51. Kc4 Ke7 52. b5 cxb5+ 53. Kxb5 Kd6 54. Kb6 Nc6 55. Rd1+ 1-0

[Event "Late-Titled-Tuesday-Blitz-April-16-2024"]
[Site "Chess.com"]
[Date "2024.04.16"]
[Round "6"]
[White "Harsha_Bharathakoti"]
[Black "ameetghasi100"]
[Result "0-1"]
[WhiteElo "2909"]
[BlackElo "2801"]
[TimeControl "180+1"]
[EndTime "15:03:30 PDT"]
[Termination "ameetghasi100 won by resignation"]

1. Nf3 Nf6 2. c4 g6 3. Nc3 Bg7 4. e4 O-O 5. d4 d6 6. Be2 e5 7. Be3 Bg4 8. d5 Bxf3 9. Bxf3 a5 10. g4 Na6 11. h4 Nc5 12. h5 c6 13. g5 Ne8 14.
Be2 Nc7 15. Qd2 Qd7 16. Rh4 cxd5 17. exd5 N7a6 18. Bg4 Qe7 19. hxg6 fxg6 20. O-O-O h5 21. gxh6 Qxh4 22. hxg7 Kxg7 23. Rg1 Qh2 24. Rd1 Rf7 25. Nb5 Ne4 26. Qxa5 Nxf2 27. Bxf2 Rxf2 28. Qc3 Qf4+ 29. Kb1 Qxg4 30. Re1 Qf5+ 31. Ka1 Rf1 32. a3 Rxe1+ 33. Qxe1 Qf6 34. Ka2 Nc5 35. Qb4 e4 36. Nc3 e3 37.
Qb6 Re8 38. Qc7+ Re7 39. Qd8 e2 0-1

[Event "Late-Titled-Tuesday-Blitz-April-16-2024"]
[Site "Chess.com"]
[Date "2024.04.16"]
[Round "6"]
[White "maximnovik"]
[Black "MyDream003"]
[Result "1-0"]
[WhiteElo "2582"]
[BlackElo "2766"]
[TimeControl "180+1"]
[EndTime "15:03:31 PDT"]
[Termination "maximnovik won on time"]

1. e4 c5 2. Nf3 d6 3. c3 Nf6 4. h3 g6 5. Bd3 Bg7 6. O-O O-O 7.
Bc2 Nc6 8. d4 cxd4 9. cxd4 Nb4 10. Nc3 Nxc2 11. Qxc2 b6 12. Bg5 Bb7 13. Rfe1 Rc8 14.
Qd2 Re8 15. Rad1 a6 16. a4 Nd7 17. Qf4 Nf8 18. Qh4 Qd7 19. Bh6 f6 20. Bxg7 Kxg7 21. d5 Rc4 22. Nd4 e5 23. dxe6 Nxe6 24. e5 fxe5 25.
Nf5+ gxf5 26. Qxc4 Nf4 27. f3 Qd8 28. Kh2 Qg5 29.
Qf1 Re6 30. Qf2 Rg6 31. g3 Nh5 32. Rg1 b5 33. Nd5 Kh6 34. f4 Qd8 35. fxe5 dxe5 36. Qe3+ f4 37. gxf4 Rxg1 38. Rxg1 e4 39. f5+ 1-0

[Event "Late-Titled-Tuesday-Blitz-April-16-2024"]
[Site "Chess.com"]
[Date "2024.04.16"]
[Round "6"]
[White "DinaBelenkaya"]
[Black "HajiyevKanan"]
[Result "0-1"]
[WhiteElo "2423"]
[BlackElo "2600"]
[TimeControl "180+1"]
[EndTime "15:03:32 PDT"]
[Termination "HajiyevKanan won on time"]

1. e4 c6 2. d4 d5 3. e5 a6 4. Bd3 c5 5. c3 cxd4 6. cxd4 Nc6 7. Ne2 Bg4 8. Nbc3 e6 9. O-O Bh5 10. Qb3 Qc7 11. Nf4 Bg6 12. Nxg6 hxg6 13. Be3 Nge7 14. Rac1 Nf5 15. Na4 Be7 16. Nb6 Rd8 17. Na4 g5 18. Nb6 g6 19. g4 Nh4 20. Be2 Kf8 21. f4 gxf4 22. Bxf4 Kg7 23. Be3 Rdf8 24. Na4 g5 25. Nc5 Bxc5 26. Rxc5 Qe7 27. Rf6 Ng6 28. Bxg5 Qd7 29.
Qe3 Rh7 30. Rf2 Rfh8 31. Bf6+ Kg8 32. Bxh8 Rxh8 33. Rc3 Rh4 34. Kg2 Qe7 35. Kg1 Kg7 36.
Rf6 Qd8 37. Qf2 Qe7 38. h3 Rh8 39. Bd3 Nf8 40. Bc2 Nb4 41. Bb1 Nc6 42. Rcf3 Nd8 43. g5 Rh5 44. h4 Kg8 45. Qc2 Qb4 46. Kf2 Qxd4+ 47. Ke2 Rxh4 48. Qd3 Rh2+ 49. Rf2 Qg4+ 50. Kd2 Qxg5+ 51. Kc2 Rh1 52. Qf3 Rc1+ 53. Kb3 Rg1 0-1

[Event "Late-Titled-Tuesday-Blitz-April-16-2024"]
[Site "Chess.com"]
[Date "2024.04.16"]
[Round "6"]
[White "CarlosjPineror"]
[Black "FMYiLiu"]
[Result "1-0"]
[WhiteElo "2692"]
[BlackElo "2466"]
[TimeControl "180+1"]
[EndTime "15:03:35 PDT"]
[Termination "CarlosjPineror won on time"]

1. e4 e6 2. d4 d5 3. e5 c5 4. c3 Nc6 5. Nf3 Qb6 6. a3 c4 7.
Nbd2 Na5 8. g3 Bd7 9. Bg2 Ne7 10. O-O Nc8 11. h4 Qc7 12. h5 Nb6 13. Nh2 O-O-O 14. Qe2 g6 15. Ng4 gxh5 16. Nf6 h4 17. gxh4 Ba4 18.
Nf3 Nb3 19. Rb1 Nxc1 20. Rbxc1 Nd7 21. Nxd7 Qxd7 22. Ng5 h6 23. Nf3 Rg8 24. Kh2 Be7 25. Bh3 Rg7 26. Rg1 Rdg8 27. Rxg7 Rxg7 28. Rg1 Rxg1 29.
Kxg1 Qe8 30. Kh2 Qg8 31. Qe3 Qg6 32. Qf4 Bc2 33. Ne1 Be4 34. f3 Bb1 35. Qg3 b5 36. Qxg6 Bxg6 37. Ng2 a5 38. Kg3 Kc7 39. f4 b4 40. axb4 axb4 41. f5 Bxf5 42. Bxf5 exf5 43. Ne3 Kc6 44. Nxf5 bxc3 45. bxc3 Bb4 46. cxb4 c3 47.
Ne3 Kb5 48. Nc2 Kc4 49. Kf3 Kb3 50. Ne3 Kxb4 51. Nxd5+ 1-0

[Event "Late-Titled-Tuesday-Blitz-April-16-2024"]
[Site "Chess.com"]
[Date "2024.04.16"]
[Round "6"]
[White "Chempiblinka"]
[Black "carloseduar100"]
[Result "1-0"]
[WhiteElo "2358"]
[BlackElo "2234"]
[TimeControl "180+1"]
[EndTime "15:03:35 PDT"]
[Termination "Chempiblinka won by resignation"]

1. d4 d5 2. c4 e6 3. Nf3 a6 4. cxd5 exd5 5. Nc3 Bg4 6. Qb3 Bxf3 7.
exf3 Nc6 8. Be3 Nge7 9. Bd3 g6 10. O-O Bg7 11. Rad1 O-O 12. Bb1 b5 13. a4 b4 14. Ne2 a5 15. Bd3 Re8 16. Rc1 Qd6 17. Rfd1 Nd8 18. Bf4 Qf6 19. Bxc7 Ne6 20. Be5 Qh4 21.
Bg3 Nxd4 22. Nxd4 Qxd4 23. Bb5 Qxb2 24. Qxb2 Bxb2 25. Rc2 Bf6 26. Bxe8 Rxe8 27. Re2 Rc8 28. h4 d4 29. Be5 Bxe5 30. Rxe5 Nf5 31. Rxa5 Rb8 32.
Rb5 Rd8 33. Rxb4 Kg7 34. a5 Kf6 35. a6 Ke5 36. a7 Ra8 37. Ra4 Kd6 38. g3 Kc7 39.
Rb1 h5 40. Kf1 Nd6 41. Rc1+ Kd7 42. Rd1 Nb5 43. Ra5 Kc6 44. Rb1 Nxa7 45. Ra6+ Kc7 46. Ra4 Nc6 47. Rxa8 1-0

[Event "Late-Titled-Tuesday-Blitz-April-16-2024"]
[Site "Chess.com"]
[Date "2024.04.16"]
[Round "6"]
[White "Slovineanu"]
[Black "hristos03"]
[Result "0-1"]
[WhiteElo "2482"]
[BlackElo "2372"]
[TimeControl "180+1"]
[EndTime "15:03:36 PDT"]
[Termination "hristos03 won by resignation"]

1. d4 Nf6 2. Nf3 c5 3. d5 e6 4. Nc3 d6 5. e4 exd5 6. exd5 g6 7. Bb5+ Bd7 8. a4 a6 9. Bc4 Bg7 10. O-O O-O 11. h3 Bf5 12. Bf4 Ne4 13. Nxe4 Bxe4 14. c3 Qf6 15. Bg3 h6 16. Re1 Bf5 17. Bd3 Bxd3 18. Qxd3 Nd7 19. Nd2 Rfe8 20. Ne4 Qf5 21. Bxd6 c4 22. Qxc4 Nb6 23. Qd3 Nxd5 24. Rad1 Nb6 25.
a5 Nc8 26. Bg3 Qxa5 27. b4 Qf5 28. Nf6+ Qxf6 29. Rxe8+ Kh7 30. Qd8 Qxc3 31. Qd7 Nb6 32. Qxf7 Rxe8 33. Qf8 Rxf8 34. Rd6 Qxb4 35. Re6 Qb1+ 36.
Kh2 Qb5 37. Bd6 Qd7 0-1

[Event "Late-Titled-Tuesday-Blitz-April-16-2024"]
[Site "Chess.com"]
[Date "2024.04.16"]
[Round "6"]
[White "ural58"]
[Black "egnfanclub"]
[Result "1-0"]
[WhiteElo "2515"]
[BlackElo "2380"]
[TimeControl "180+1"]
[EndTime "15:03:41 PDT"]
[Termination "ural58 won by resignation"]

1. e4 e5 2. Nf3 Nc6 3. Bc4 Nf6 4. Ng5 d5 5. exd5 Nd4 6. c3 b5 7. Bf1 Nxd5 8. cxd4 Qxg5 9. Bxb5+ Kd8 10. O-O Bb7 11. Qf3 Rb8 12. Nc3 Nf4 13. Qg3 Qxg3 14.
hxg3 exd4 15. gxf4 dxc3 16. dxc3 Bxg2 17. Rd1+ Bd6 18. Bc4 Bf3 19. Rd3 Be4 20. Rd4 Bg6 21.
b3 h5 22. Ba3 Kd7 23. Rad1 Rb6 24. Bc5 h4 25. Bxb6 axb6 26. Bd3 Bh5 27. Bf5+ Ke7 28. R1d3 Kf6 29. Be4 Bxf4 30. Bf3 Bxf3 31. Rxf3 g5 32. a4 Kf5 33. Rc4 c5 34. a5 Kg4 35. Rfxf4+ gxf4 36. axb6 Kf3 37. Rxc5 Rg8+ 38. Kh1 Kxf2 39. b7 Rb8 40. Rc7 f5 41. c4 f3 42.
c5 Kg3 43. Rg7+ Kf4 44. c6 Ke3 45. Re7+ Kf2 46. Re5 Rg8 47. c7 Rg1+ 48. Kh2 Rg2+ 49. Kh3 Rg1 50. Kxh4 Rh1+ 51. Kg5 Kg3 52. b8=Q 1-0

[Event "Late-Titled-Tuesday-Blitz-April-16-2024"]
[Site "Chess.com"]
[Date "2024.04.16"]
[Round "6"]
[White "schachsensei_YT"]
[Black "martinmena"]
[Result "0-1"]
[WhiteElo "2305"]
[BlackElo "2189"]
[TimeControl "180+1"]
[EndTime "15:03:41 PDT"]
[Termination "martinmena won on time"]

1. Nf3 d5 2. g3 Nf6 3. Bg2 e6 4. O-O Be7 5. d3 O-O 6. Nbd2 c5 7. e4 Nc6 8. e5 Nd7 9. Re1 Qc7 10. Qe2 b5 11. h4 a5 12. Nf1 Nd4 13. Nxd4 cxd4 14.
Bf4 a4 15. a3 b4 16. axb4 Bxb4 17. Rec1 a3 18. bxa3 Bc3 19. Ra2 Qc5 20. h5 Rxa3 21.
Rxa3 Qxa3 22. h6 g6 23. Nh2 Nc5 24. Ng4 Qb2 25. Nf6+ Kh8 26. Qf3 Ba5 27. Bg5 Bd8 28. Qd1 Bxf6 29. Bxf6+ Kg8 30. Be7 Nd7 31. Rb1 Qc3 32.
Bxf8 Nxf8 33. Rb3 Qc7 34. Rb4 Qxe5 35. Qd2 Qd6 36. Ra4 e5 37. Ra8 Bd7 38. Qa5 Qe7 39. Qc7 Qe6 40. Qd8 Qd6 0-1

[Event "Late-Titled-Tuesday-Blitz-April-16-2024"]
[Site "Chess.com"]
[Date "2024.04.16"]
[Round "6"]
[White "Alexei_Gubajdullin"]
[Black "Polish_fighter3000"]
[Result "0-1"]
[WhiteElo "2612"]
[BlackElo "3105"]
[TimeControl "180+1"]
[EndTime "15:03:42 PDT"]
[Termination "Polish_fighter3000 won on time"]

1. Nf3 b5 2. g4 Bb7 3. g5 e5 4. d3 h6 5. Rg1 hxg5 6. Bxg5 f6 7. Bd2 d5 8. Nc3 Qd7 9. e4 d4 10. Ne2 g5 11. h3 Ne7 12. a4 a6 13. c3 c5 14.
cxd4 exd4 15. b4 c4 16. Nexd4 Nbc6 17. Bc3 Nxd4 18. Nxd4 cxd3 19. axb5 Rc8 20. Qxd3 axb5 21. Nxb5 Qxd3 22. Bxd3 Ng6 23. Ra7 Rxh3 24. Bf1 Rh7 25.
Kd2 Rd7+ 26. Kc1 Bxb4 27. Kb2 Bxc3+ 28. Nxc3 Rd2+ 29. Kb3 Rb8 30. Bb5+ Bc6 31. Kc4 Bxb5+ 32. Nxb5 Ne5+ 33. Kc5 Rc2+ 34. Kd5 Rxb5+ 35. Ke6 Rc6+ 36. Kf5 Nf3+ 37. Kg6 Nxg1 38. Ra8+ Kd7 39. Ra7+ Ke6 40. f4 gxf4 41. e5 Rxe5 42. Kh6 Rg5 0-1

[Event "Late-Titled-Tuesday-Blitz-April-16-2024"]
[Site "Chess.com"]
[Date "2024.04.16"]
[Round "6"]
[White "noblerone"]
[Black "MarceloPlaya"]
[Result "1-0"]
[WhiteElo "2493"]
[BlackElo "2333"]
[TimeControl "180+1"]
[EndTime "15:03:42 PDT"]
[Termination "noblerone won on time"]

1. e4 e6 2. Qe2 Be7 3. g3 Nf6 4. Bg2 O-O 5. Nc3 e5 6. h3 d6 7. d3 Nc6 8. Nf3 Re8 9. O-O Bf8 10. Bg5 h6 11. Bxf6 Qxf6 12. Nd5 Qd8 13. c3 Ne7 14.
Ne3 f5 15. exf5 Nxf5 16. Nxf5 Bxf5 17. Nh4 Be6 18. Bxb7 Bxh3 19. Bd5+ Be6 20. Qe4 Rb8 21. b4 Qf6 22. f4 Bxd5 23. Qxd5+ Qe6 24. Qxe6+ Rxe6 25. Rae1 Rbe8 26. f5 Rf6 27. g4 Be7 28. Ng6 Rf7 29. Kg2 Bf6 30. c4 c6 31. a4 a6 32. Rb1 e4 33. Rfe1 e3 34. Kf3 Bd4 35.
b5 cxb5 36. axb5 axb5 37. Rxb5 Rf6 38. Rd5 Ba7 39. d4 h5 40. g5 Rf7 41. Rxe3 Rxe3+ 42. Kxe3 Rb7 43. Rxd6 Rb3+ 44. Ke4 Kf7 45. Rd7+ 1-0

[Event "Late-Titled-Tuesday-Blitz-April-16-2024"]
[Site "Chess.com"]
[Date "2024.04.16"]
[Round "6"]
[White "ritanovikova"]
[Black "jinxy2009"]
[Result "1/2-1/2"]
[WhiteElo "2159"]
[BlackElo "2307"]
[TimeControl "180+1"]
[EndTime "15:03:42 PDT"]
[Termination "Game drawn by repetition"]

1. e4 c5 2. Nc3 Nc6 3. d3 g6 4. Be3 d6 5. Qd2 Bg7 6. g3 Nf6 7. Bh6 O-O 8. h4 Nd4 9. O-O-O b5 10. h5 Nxh5 11. Rxh5 gxh5 12. Qg5 Ne6 13. Qd2 Qa5 14. Bh3 Bxh6 15. Qxh6 Ng7 16. Bxc8 Raxc8 17. Nf3 f6 18. Kb1 Rf7 19. Rh1 b4 20. Nd5 Rc6 21. Rxh5 Nxh5 22. Qxh5 Ra6 23. Qg4+ Rg7 24. Qc8+ Kf7 25. Qd7 Qxa2+ 26.
Kc1 Kg6 27. Nh4+ Kh6 28. Nf5+ Kg6 29. Nxg7 Qa1+ 30. Kd2 Qf1 31. Qg4+ Kf7 32. Nf4 Qxf2+ 33. Ne2 h5 34. Qxh5+ Kxg7 35. Qg4+ Kf7 36. Qh5+ Kf8 37. Qh8+ Kf7 38. Qh7+ Ke6 39. Qh3+ Kf7 40. Qh7+ Kf8 41. Qh8+ Kf7 42. Qh7+ 1/2-1/2

[Event "Late-Titled-Tuesday-Blitz-April-16-2024"]
[Site "Chess.com"]
[Date "2024.04.16"]
[Round "6"]
[White "akanga001"]
[Black "ShahxaibKhan"]
[Result "0-1"]
[WhiteElo "2134"]
[BlackElo "2454"]
[TimeControl "180+1"]
[EndTime "15:03:44 PDT"]
[Termination "ShahxaibKhan won on time"]

1. d4 Nf6 2. c4 e6 3. Nc3 Bb4 4. e3 c5 5. Bd3 Nc6 6. Nf3 Bxc3+ 7.
bxc3 O-O 8. O-O b6 9. e4 d6 10. Bb2 e5 11. Re1 Bg4 12. h3 Bxf3 13. Qxf3 cxd4 14.
cxd4 exd4 15. Rad1 Nd7 16. Qg3 Nde5 17. f4 Nd7 18. e5 dxe5 19. fxe5 Nc5 20. Bb1 Ne6 21.
Qf3 Rc8 22. Qe4 g6 23. Bc1 Nc5 24. Qd5 Re8 25. Bf4 Ne6 26. Bh2 Qg5 27. Qe4 Nc5 28. Qe2 Rcd8 29. Qf3 Nxe5 30. Bxe5 Rxe5 31. Rf1 Qe7 32.
Kh1 Re3 33. Qc6 f5 34. a4 Qe6 0-1

[Event "Late-Titled-Tuesday-Blitz-April-16-2024"]
[Site "Chess.com"]
[Date "2024.04.16"]
[Round "6"]
[White "DirtyKabab"]
[Black "AradNazari"]
[Result "0-1"]
[WhiteElo "2534"]
[BlackElo "2719"]
[TimeControl "180+1"]
[EndTime "15:03:45 PDT"]
[Termination "AradNazari won on time"]

1. e4 c5 2. Nf3 d6 3. d4 cxd4 4.
Qxd4 Nc6 5. Qe3 Nf6 6. h3 g6 7.
Be2 Bg7 8. O-O O-O 9. Rd1 Nd7 10. Nc3 Nde5 11. Nxe5 Nxe5 12. Nd5 Be6 13. Bd2 Nd7 14. Rab1 a6 15. c4 Rc8 16. b4 Ne5 17. Rdc1 Bxd5 18. exd5 b6 19. Rc2 Nd7 20. Bf1 Re8 21. a3 a5 22. Qe4 axb4 23. axb4 Ra8 24. Re1 Bf6 25. g4 Ra3 26. g5 Bg7 27. h4 Ne5 28. Bg2 Qa8 29.
Re3 Rxe3 30. Bxe3 Qa1+ 31. Rc1 Qb2 32. Qc2 Qxb4 33. Bf1 Rc8 34. Rb1 Qa3 35. Rxb6 Nf3+ 36. Kh1 Bd4 37. Qe4 Bxb6 38. Qxf3 Bxe3 39. fxe3 Qc1 40.
Kg2 Qc2+ 41. Kg3 Qc3 42. h5 Rb8 0-1

[Event "Late-Titled-Tuesday-Blitz-April-16-2024"]
[Site "Chess.com"]
[Date "2024.04.16"]
[Round "6"]
[White "Shankland"]
[Black "grzechu96"]
[Result "1-0"]
[WhiteElo "2890"]
[BlackElo "2766"]
[TimeControl "180+1"]
[EndTime "15:03:46 PDT"]
[Termination "Shankland won on time"]

1. d4 d5 2. c4 c6 3. Nc3 Nf6 4. e3 e6 5. Nf3 Nbd7 6. Be2 Bd6 7. O-O O-O 8. b3 b6 9. Bb2 Bb7 10. Bd3 Re8 11. Rc1 a6 12. Re1 Qe7 13. e4 dxc4 14.
Bxc4 e5 15. Bd3 b5 16. Ne2 Ba3 17. Qd2 Bxb2 18. Qxb2 Rad8 19. Ng3 g6 20. Rcd1 exd4 21. e5 Ng4 22. e6 fxe6 23. h3 Ngf6 24. Nxd4 e5 25.
Nf3 c5 26. Ng5 Nb6 27. Qc2 Nbd5 28. N5e4 Nb4 29. Qb1 Nxd3 30. Rxd3 Nxe4 31. Nxe4 Rxd3 32. Qxd3 Rd8 33. Qg3 Bxe4 34. Rxe4 Rd5 35. h4 Qd6 36. h5 Kg7 37. Re3 Qf6 38. Rf3 Qe7 39. Qh3 e4 40.
h6+ Kg8 41. Rf4 Rd8 42. Qe3 Re8 43. g3 c4 44. bxc4 bxc4 45. Kg2 Rc8 46. Rxe4 Qb7 47. Qf3 Qc7 48. Qc3 Qb7 49. f3 Qc7 50. Rxc4 1-0

[Event "Late-Titled-Tuesday-Blitz-April-16-2024"]
[Site "Chess.com"]
[Date "2024.04.16"]
[Round "6"]
[White "MathiasWomacka"]
[Black "ContrVersia"]
[Result "0-1"]
[WhiteElo "2503"]
[BlackElo "2852"]
[TimeControl "180+1"]
[EndTime "15:03:46 PDT"]
[Termination "ContrVersia won on time"]

1. e4 c5 2. Nf3 d6 3. d4 cxd4 4. Nxd4 Nf6 5. Nc3 a6 6. Be2 e5 7.
Nb3 Be6 8. f4 Be7 9. f5 Bd7 10.
g4 h6 11. g5 hxg5 12. Bxg5 Bc6 13. Bxf6 Bxf6 14. Qd3 Bh4+ 15. Kf1 Be7 16. Nd5 Nd7 17. Rd1 Bxd5 18. Qxd5 Qc7 19. Bc4 Rf8 20. Qd3 Rc8 21. Bd5 b5 22. c3 Nb6 23. Ke2 Rh8 24.
Kd2 Kf8 25. Kc2 b4 26. c4 Nxd5 27. Qxd5 Qxc4+ 28. Qxc4 Rxc4+ 29. Kd3 Rc7 30. Rc1 Rh3+ 31. Ke2 Rxc1 32. Rxc1 Rxh2+ 33. Kf3 Bg5 34. Rc6 Rxb2 35.
Rxa6 Ke7 36. Ra4 g6 37. fxg6 fxg6 38. Rxb4 Rxa2 39. Rb5 Ke6 40. Na5 Ra3+ 41. Kg4 Bf6 42. Nc4 Rc3 43. Nb6 Rc5 44. Rb4 Bd8 45. Nd5 Kd7 0-1

[Event "Late-Titled-Tuesday-Blitz-April-16-2024"]
[Site "Chess.com"]
[Date "2024.04.16"]
[Round "6"]
[White "CMButgood"]
[Black "DraningWaterHi"]
[Result "1-0"]
[WhiteElo "2041"]
[BlackElo "2198"]
[TimeControl "180+1"]
[EndTime "15:03:46 PDT"]
[Termination "CMButgood won on time"]

1. e4 c5 2. Nf3 e6 3. d4 cxd4 4. Nxd4 a6 5. Nc3 Qc7 6. Bd3 Nf6 7. Qe2 Bb4 8. Bd2 Nc6 9. Nxc6 dxc6 10. a3 Bd6 11.
O-O-O O-O 12. g3 e5 13. h3 b5 14. Bg5 Nd7 15. h4 f6 16. Be3 a5 17. Bxb5 Nc5 18. Bc4+ Kh8 19. h5 Rb8 20. h6 g6 21.
f3 Be7 22. Qf2 Qb7 23. Bxc5 Qxb2+ 24. Kd2 Rd8+ 25. Bd3 Rb3 26. Bxe7 Rxd3+ 27. Kxd3 Qxc3+ 28. Ke2 Ba6+ 29. Rd3 Qxc2+ 30. Kf1 Qxd3+ 31. Kg2 Qd7 32. Bxf6+ Kg8 33. Qa2 Bc4 34. Rc1 Qf7 35. Qc2 Be6 36. Qxc6 Rb2+ 37. Kh1 Qxf6 38. Qe8+ Qf8 39. Qxe6+ Kh8 40.
Qxe5+ Kg8 41. Qxb2 Qxf3+ 42. Qg2 Qh5+ 43. Kg1 Qxh6 44.
Rc8+ Kf7 45. Qa2+ Ke7 46. Qc2 Qe3+ 47. Kg2 Qxa3 48. Qc5+ 1-0

[Event "Late-Titled-Tuesday-Blitz-April-16-2024"]
[Site "Chess.com"]
[Date "2024.04.16"]
[Round "6"]
[White "KNVB"]
[Black "Zhigalko_Sergei"]
[Result "1-0"]
[WhiteElo "2804"]
[BlackElo "2918"]
[TimeControl "180+1"]
[EndTime "15:03:48 PDT"]
[Termination "KNVB won on time"]

1. e4 c5 2. e5 Nc6 3. c3 Nxe5 4. d4 cxd4 5. cxd4 Ng6 6. h4 h5 7. Bd3 d5 8. Qc2 Qb6 9. Nc3 Bd7 10. Nf3 Rc8 11. O-O Nh6 12. Re1 Ng4 13. Bg5 Qd6 14.
Qb3 Nf4 15. Bxf4 Qxf4 16. Nxd5 Qd6 17. Bb5 e6 18. Nc3 Be7 19. d5 O-O 20. Bxd7 Qxd7 21. dxe6 fxe6 22. Rad1 Qe8 23. Qxe6+ Rf7 24. Ng5 Rc6 25.
Qxf7+ Qxf7 26. Nxf7 Kxf7 27. Rd7 Re6 28. Rxe6 Kxe6 29.
Rxb7 Bc5 30. Ne4 Bb6 31. Rxg7 Ke5 32. Re7+ Kf5 33. Kf1 Ne5 34. Ng3+ Kf6 35. Rb7 Nd3 36. b3 Kg6 37. f3 Nc1 38. a4 Nxb3 39. Ne4 Kh6 40.
Rd7 Nd4 41. Rd6+ Kg7 42. a5 Nf5 43. axb6 Nxd6 44. bxa7 Nf5 45. a8=Q Ng3+ 46. Nxg3 Kh6 47. Qc6+ 1-0

[Event "Late-Titled-Tuesday-Blitz-April-16-2024"]
[Site "Chess.com"]
[Date "2024.04.16"]
[Round "6"]
[White "Eloist"]
[Black "Charodej1"]
[Result "1/2-1/2"]
[WhiteElo "2468"]
[BlackElo "2317"]
[TimeControl "180+1"]
[EndTime "15:03:48 PDT"]
[Termination "Game drawn by repetition"]

1. e4 c6 2. Nf3 d5 3. d3 dxe4 4. dxe4 Qxd1+ 5. Kxd1 Bg4 6. Be2 Nd7 7. h3 Bxf3 8. Bxf3 e6 9. c3 Bc5 10. Rf1 a5 11. Kc2 Ne7 12. Nd2 a4 13. Nc4 b5 14.
Ne3 O-O 15. Bd2 Rfd8 16. b4 Bb6 17. Rad1 Rac8 18. Be2 c5 19. Kb1 c4 20. Ng4 h5 21.
Nh2 g6 22. f4 Nf6 23. Bf3 Rd7 24. Bc1 Rcd8 25. Kc2 Kg7 26. Rxd7 Rxd7 27. g4 Nc6 28. g5 Ne8 29. f5 Ne5 30. Bf4 Nd3 31. Bg3 Bc7 32.
Bxc7 Nxc7 33. f6+ Kf8 34. Be2 Ne5 35. Nf3 Nxf3 36. Rxf3 e5 37. Rf1 Ne6 38. h4 Nf4 39. Re1 Ng2 40. Rh1 Nf4 41. Re1 Ke8 42. Bf1 Kd8 43. Rd1 Kc7 44. Rxd7+ Kxd7 45. Kd2 Kd6 46. Ke3 Ne6 47. Kf3 Nf4 48. Ke3 Ne6 49. Bh3 Nf4 50. Bf1 1/2-1/2